 Dungeon Crawl Stone Soup version 0.29-a0-322-g68df515428 (webtiles) character file.

Game seed: 7365479633549266839

1644202 cojito the Conqueror (level 26, 90/266 HPs)
             Began as a Minotaur Cinder Acolyte on Apr 8, 2022.
             Was a Follower of Ignis.
             Escaped with the Orb
             ... and 3 runes!
             The game lasted 02:05:49 (71012 turns).

cojito the Conqueror (Minotaur Cinder Acolyte)     Turns: 71012, Time: 02:05:50

Health: 90/266     AC: 41    Str: 40    XL:     26   Next: 24%
Magic:  14/14      EV: 21    Int: 14    God:    Ignis [*.....]
Gold:   5095       SH: 23    Dex: 15    Spells: 27/27 levels left

rFire   + + +      SeeInvis +   b - +8 mithril axe "Arga" {speed, Will+}
rCold   + + +      Faith    .   E - +0 tower shield
rNeg    + . .      Spirit   .   u - +10 shadow dragon scales
rPois   +          Reflect  .   B - -2 hat of the Alchemist {rElec rPois rF+ rC+ rN+ Will+ rMut rCorr}
rElec   +          Harm     .   Z - +5 cloak of Cuizafan {rPois rF+ rC+++ MP-9}
rCorr   +          Rampage  +   o - +1 pair of gloves {Dex+3}
rMut    +                       D - +2 pair of boots {rampage}
Will    +++..                   R - amulet of regeneration
Stlth   ++........              h - ring of Jablarea {rC+ Str+5 Int+3 SInv}
HPRegen 1.34/turn               q - ring of Aroitefu {rElec rC+ Str+4 Dex+6 Slay+3}
MPRegen 0.14/turn

@: studying Throwing
A: horns 2, retaliatory headbutt, deformed body, devolution 1
0: Orb of Zot
}: 3/15 runes: decaying, silver, gossamer
a: Renounce Religion, Fiery Armour, Foxfire Swarm


You escaped.
You worshipped Ignis.
Ignis was aware of your devotion.
You visited 9 branches of the dungeon, and saw 48 of its levels.
You visited 1 bazaar.
You also visited: Ice Cave and Desolation.

You collected 11439 gold pieces.
You spent 6344 gold pieces at shops.

Inventory:

Hand Weapons
 a - a +9 broad axe of protection
 b - the +8 mithril axe "Arga" (weapon) {speed, Will+}
   (You acquired it on level 5 of the Vaults)

   Attacks with this weapon are significantly faster.
   Will:      It increases your willpower.
Missiles
 k - 11 silver javelins
 p - 10 throwing nets (quivered)
 T - 25 javelins
Armour
 o - a +1 pair of gloves of dexterity (worn)
 u - +10 shadow dragon scales (worn)
 B - the -2 hat of the Alchemist (worn) {rElec rPois rF+ rC+ rN+ Will+ rMut rCorr}
   (You bought it in a shop on level 9 of the Dungeon)

   rF:        It protects you from fire.
   rC:        It protects you from cold.
   rElec:     It insulates you from electricity.
   rPois:     It protects you from poison.
   rN:        It protects you from negative energy.
   rCorr:     It protects you from acid and corrosion.
   rMut:      It protects you from mutation.
   Will:      It increases your willpower.
 D - a +2 pair of boots of rampaging (worn)
 E - a +0 tower shield (worn)
 Z - the +5 cloak of Cuizafan (worn) {rPois rF+ rC+++ MP-9}
   (You found it on level 2 of the Vaults)

   rF:        It protects you from fire.
   rC:        It renders you almost immune to cold.
   rPois:     It protects you from poison.
   MP:        It affects your magic capacity (-9).
Jewellery
 h - the ring of Jablarea (left hand) {rC+ Str+5 Int+3 SInv}
   (You took it off an ironbound convoker on level 5 of the Vaults)

   [ring of see invisible]

   Str:       It affects your strength (+5).
   Int:       It affects your intelligence (+3).
   rC:        It protects you from cold.
   SInv:      It lets you see invisible.
 q - the ring of Aroitefu (right hand) {rElec rC+ Str+4 Dex+6 Slay+3}
   (You took it off a spriggan on level 2 of the Swamp)

   [ring of dexterity]

   Str:       It affects your strength (+4).
   Dex:       It affects your dexterity (+6).
   Slay:      It affects your accuracy & damage with ranged weapons and melee
   (+3).
   rC:        It protects you from cold.
   rElec:     It insulates you from electricity.
 v - a +6 ring of intelligence
 y - a ring of willpower
 R - an amulet of regeneration (around neck)
Wands
 f - a wand of charming (13)
 i - a wand of digging (9)
 n - a wand of iceblast (27)
 w - a wand of polymorph (21)
 F - a wand of mindburst (6)
 H - a wand of paralysis (44)
 Q - a wand of flame (56)
 U - a wand of acid (22)
Scrolls
 c - 6 scrolls of immolation
 e - 3 scrolls of magic mapping
 l - 5 scrolls of blinking
 m - 15 scrolls of teleportation
 r - 3 scrolls of summoning
 s - 7 scrolls of fear
 t - 13 scrolls of fog
 L - 2 scrolls of holy word
 X - 8 scrolls of silence
 Y - 2 scrolls of enchant weapon
Potions
 d - 11 potions of curing
 g - 6 potions of cancellation
 z - 5 potions of resistance
 C - a potion of might
 J - 18 potions of heal wounds
 K - 4 potions of haste
 N - 4 potions of flight
 O - 17 potions of ambrosia
 P - 3 potions of invisibility
 S - 6 potions of magic
 V - 8 potions of berserk rage
 W - 4 potions of mutation
Miscellaneous
 j - a lightning rod (4/4)
 A - a box of beasts
 G - a tin of tremorstones (2/2)
 I - a condenser vane
 M - a phial of floods


   Skills:
 O Level 27 Fighting
 + Level 25.6 Axes
 - Level 1.1(17.1) Maces & Flails
 - Level 13.0 Throwing
 O Level 27 Armour
 + Level 22.1 Dodging
 - Level 11.0 Stealth
 + Level 23.3 Shields
 - Level 1.0 Spellcasting
 - Level 6.2 Fire Magic
 - Level 5.0 Evocations


You had 27 spell levels left.
You didn't know any spells.
Your spell library contained the following spells:

 Spells                   Type           Power      Damage    Failure   Level
 Scorch                   Fire           36%        2d6       8%          2
 Conjure Flame            Conj/Fire      9%         6-21      50%         3
 Animate Skeleton         Necr           0%         N/A       54%         1
 Apportation              Tloc           0%         N/A       54%         1
 Pain                     Necr           0%         1d4       54%         1
 Shock                    Conj/Air       0%         1d3       54%         1
 Slow                     Hex            0%         N/A       54%         1
 Sting                    Tmut/Pois      0%         1d3       54%         1
 Summon Small Mammal      Summ           0%         N/A       54%         1
 Ignite Poison            Fire/Tmut/Pois 6%         N/A       63%         3
 Ensorcelled Hibernation  Hex/Ice        0%         N/A       69%         2
 Passwall                 Tmut/Erth      0%         N/A       69%         2
 Poisonous Vapours        Pois/Air       0%         N/A       69%         2
 Sublimation of Blood     Necr           0%         N/A       69%         2
 Flame Wave               Conj/Fire      9%         2d5       88%         4
 Sticky Flame             Conj/Fire      9%         2d3       88%         4
 Call Canine Familiar     Summ           0%         N/A       89%         3
 Confusing Touch          Hex            0%         N/A       89%         3
 Dazzling Flash           Conj/Hex       0%         N/A       89%         3
 Frozen Ramparts          Ice            0%         1d2       89%         3
 Gell's Gravitas          Tloc           0%         N/A       89%         3
 Mephitic Cloud           Conj/Pois/Air  0%         N/A       89%         3
 Stone Arrow              Conj/Erth      0%         3d7       89%         3
 Summon Guardian Golem    Hex/Summ       0%         N/A       89%         3
 Swiftness                Air            0%         N/A       89%         3
 Teleport Other           Tloc           0%         N/A       89%         3
 Vampiric Draining        Necr           0%         2d6       89%         3
 Airstrike                Air            0%         N/A       100%        4
 Animate Armour           Summ/Erth      0%         N/A       100%        4
 Animate Dead             Necr           0%         N/A       100%        4
 Hailstorm                Conj/Ice       0%         3d3       100%        4
 Ice Form                 Ice/Tmut       0%         N/A       100%        4
 Iskenderun's Mystic Bla  Conj/Tloc      0%         2d3       100%        4
 Olgreb's Toxic Radiance  Pois           0%         N/A       100%        4
 Petrify                  Tmut/Erth      0%         N/A       100%        4
 Summon Ice Beast         Ice/Summ       0%         N/A       100%        4
 Summon Lightning Spire   Summ/Air       0%         N/A       100%        4
 Alistair's Intoxication  Tmut/Pois      0%         N/A       100%        5
 Blade Hands              Tmut           0%         N/A       100%        5
 Borgnjor's Vile Clutch   Necr/Erth      0%         N/A       100%        5
 Freezing Cloud           Conj/Ice/Air   0%         6-21      100%        5
 Irradiate                Conj/Tmut      0%         3d13      100%        5
 Metabolic Englaciation   Hex/Ice        0%         N/A       100%        5
 Silence                  Hex/Air        0%         N/A       100%        5
 Summon Forest            Summ/Tloc      0%         N/A       100%        5
 Summon Mana Viper        Hex/Summ       0%         N/A       100%        5
 Yara's Violent Unravell  Hex/Tmut       0%         3d3       100%        5
 Conjure Ball Lightning   Conj/Air       0%         3x3d6     100%        6
 Dispersal                Tloc           0%         N/A       100%        6
 Eringya's Noxious Bog    Tmut/Pois      0%         N/A       100%        6
 Simulacrum               Ice/Necr       0%         N/A       100%        6
 Starburst                Conj/Fire      4%         6d4       100%        6
 Statue Form              Tmut/Erth      0%         N/A       100%        6
 Summon Cactus Giant      Summ           0%         N/A       100%        6
 Dragon Form              Tmut           0%         N/A       100%        7
 Enfeeble                 Hex            0%         N/A       100%        7
 Haunt                    Necr/Summ      0%         N/A       100%        7
 Monstrous Menagerie      Summ           0%         N/A       100%        7
 Storm Form               Tmut/Air       0%         N/A       100%        7
 Infestation              Necr           0%         N/A       100%        8
 Lehudib's Crystal Spear  Conj/Erth      0%         10d2      100%        8
 Necromutation            Tmut/Necr      0%         N/A       100%        8
 Polar Vortex             Ice            0%         N/A       100%        9
 Shatter                  Erth           0%         3d5*      100%        9


Dungeon Overview and Level Annotations

Branches:
Dungeon (15/15)            Temple (0/1) D:7            Lair (6/6) D:11
  Swamp (4/4) Lair:4       Spider (4/4) Lair:4        Slime (0/5) Lair:6
    Orc (2/2) D:11            Elf (3/3) Orc:2        Vaults (5/5) D:13
  Crypt (0/3) Vaults:2     Depths (4/4) D:15            Zot (5/5) Depths:4
  IceCv (visited)         Desolation (visited)

Altars:
Ashenzari
Cheibriados
Dithmenos
Elyvilon
Kikubaaqudgha
Okawaru
Ru
Sif Muna
Trog
Uskayaw
Vehumet
Xom
Yredelemnul
Beogh
Jiyva
Lugonu

Shops:
D:7 (**   D:8 =   D:9 [   D:10 !   Orc:2 (?!=   Elf:3 :(   Vaults:2 *:[*
Depths:2 ??*   Depths:3 (

Portals:
Hell: Depths:1 Depths:2 Depths:3 Depths:4
Abyss: D:12 Depths:3 Depths:4
Pandemonium: Depths:1 Depths:2
Ziggurat: Depths:4
Trove: D:13 (give 12 potions of heal wounds)

Annotations:
D:8 Grum
Elf:2 3 runed translucent doors
Depths:4 5 runed translucent doors
Zot:5 3 exclusions


Innate Abilities, Weirdness & Mutations

You have a pair of horns on your head.
You reflexively headbutt those who attack you in melee.
Armour fits poorly on your strangely shaped body.
You have hidden genetic defects.


Message History

The plant is almost destroyed.
You slice the plant!! x2; You block the red devil's attack.
You hit the plant.
You destroy the plant!
You slash the plant! You slice the plant!!
A nearby plant withers and dies.
A nearby plant withers and dies.
You slice the plant!!
The plant begins to die.
The plant is lightly damaged.
You carve the plant like a ham!!!
The plant begins to die.
You slash the plant!
The plant begins to die.
You hit the plant.
The plant begins to die.
You slash the plant!
The plant begins to die.
You slice the plant!!
The plant begins to die.
You block the red devil's attack.
A Brimstone Fiend comes into view.
A nearby plant withers and dies. x4
A nearby plant withers and dies. x2
An ancient lich and a small abomination come into view.
The Brimstone Fiend calls on the powers of darkness!
Your body is wracked with pain!
The ancient lich moves out of view.
Mupac comes into view. It is armed with a venomous touch.
The Brimstone Fiend calls on the powers of darkness!
Your body is wracked with pain!
There is a staircase leading out of the dungeon here.
You block the red devil's attack.
The Brimstone Fiend hits the plant!
The plant begins to die.
The Brimstone Fiend hits the plant.
The Brimstone Fiend hits the plant!
You rampage towards the red devil!
You completely miss the red devil. Your headbutt misses the red devil.
You completely miss the plant. You slash the plant!
The plant begins to die.
You hit the plant.
The plant begins to die.
You slash the plant!
The plant begins to die.
Mupac stings the plant!!
The plant begins to die.
The red devil hits you but does no damage.
The Brimstone Fiend hits the plant!
The plant begins to die.
The Brimstone Fiend hits the plant! x2; The ancient lich touches the plant!
The small abomination hits the plant.
The plant begins to die.
There is a staircase leading out of the dungeon here.
Mupac stings the plant!!!
The plant begins to die.
You block the red devil's attack.
The Brimstone Fiend hits the plant!
The Brimstone Fiend hits the plant.
The Brimstone Fiend hits the plant!
You have escaped! ###....PPPP.PPP.PPP.PPPPP.P..... #.PP.PPP.PPP.P.PPP.PPP.PP..... #.PPP.P...P.PPP.PP.PP.PPP..... #.PPPP.)...PPPPP.....PPPP...## #.PPP.P...P.PPP.PP.PP.PPP..... #.PP.PPP.PPP.P.PPP.PPP.P....## #.P.PPPPP.PPP.PPP.PPPPP.....## #.P.PPPPPP.PP.PP.PPPPPP.....## ####.P.PPPPPPP..@..PPPPPPP.P...## .....P.PPPPPPPPP.PPPPPPPPP.P...## .....P.PPPPPPPPP4PPPPPPPPP.P..... ....#PP.PPPPPPP.P.PPPPP...PP....# ....#PPP.PPPPP.PPP.PPPP...PP....# ....#PPPP.....PPPPP.x.....PP...## ..(..PPPPPP.PPPPPPPPPPPPPPPP.#.# ....................1&L......#.## ....#######>###..................

You could see Mupac, an ancient lich, a Brimstone Fiend, a red devil and a small abomination.

Vanquished Creatures
  3 dread liches
  An ancient lich (Vaults:4)
  Mara (Vaults:3)
  6 orbs of fire (Zot:5)
  Vv (Depths:4)
  Boris (Vaults:2)
  Margery (Vaults:5)
  Bai Suzhen (Spider:2)
  A shard shrike (Zot:1)
  5 curse toes
  A pandemonium lord (D:9)
  Xtahua (Depths:4)
  12 golden dragons
  Nikola (Swamp:2)
  Jory (Vaults:5)
  3 bone dragons (Depths:4)
  2 electric golems
  24 tentacled monstrosities
  A hellephant (Zot:2)
  23 Orb Guardians
  A Tzitzimitl (D:10)
  3 liches
  3 titans (Vaults:5)
  13 quicksilver dragons
  2 deep elf master archers (Elf:3)
  2 deep elf blademasters
  6 death cobs
  2 thorn hunters
  An Executioner (Depths:4)
  5 sphinxes
  15 shadow dragons
  21 storm dragons
  4 tengu reavers
  3 draconian monks
  6 fire giants
  Roxanne (Spider:3)
  3 draconian knights
  3 imperial myrmidons (Desolation)
  7 deep elf sorcerers
  15 vault wardens
  4 emperor scorpions
  13 frost giants
  4 orc warlords
  A juggernaut zombie (Depths:3)
  5 draconian scorchers
  3 draconian stormcallers
  2 cacodemons
  3 ghost moths
  5 deep elf elementalists (Elf:3)
  3 draconian annihilators
  A demonspawn corrupter (D:15)
  17 stone giants
  4 war gargoyles
  2 ghouls (Swamp:1)
  3 draconian shifters
  The ghost of Joghedwa the Impaler, a journeyman DsGl of Yredelemnul (Orc:1)
  3 broodmothers
  5 deep elf demonologists
  19 very ugly things
  10 ironbound preservers
  10 green draconians
  A bunyip (Swamp:2)
  7 ironbound thunderhulks
  7 eleionomae
  A juggernaut skeleton (Depths:3)
  2 vampire knights
  16 white draconians
  A minotaur (shapeshifter) (Vaults:5)
  5 entropy weavers
  9 purple draconians
  14 dire elephants
  8 spark wasps
  17 red draconians
  18 yellow draconians
  7 deep elf annihilators (Elf:3)
  9 black draconians
  A merfolk javelineer (Depths:4)
  An ettin (shapeshifter) (Vaults:5)
  3 jiangshi (Depths:4)
  A green death (D:1)
  19 crystal guardians
  2 blizzard demons (IceCv)
  7 fire dragons
  6 ettins
  Snorg (Lair:5)
  2 deep elf death magi (Elf:3)
  11 deep elf high priests
  8 great orbs of eyes
  16 yaktaur captains
  3 shambling mangroves
  2 caustic shrike simulacra (IceCv)
  3 boulder beetles
  2 rakshasas
  8 servants of whispers (Desolation)
  4 spriggan air magi
  8 peacekeepers
  8 ironbound frosthearts
  17 hydras
  2 jorogumos (Spider:2)
  5 ragged hierophants (Desolation)
  35 vault guards
  A juggernaut simulacrum (Depths:3)
  4 ogre magi
  A salamander tyrant (Depths:1)
  12 centaur warriors
  A radroach (Spider:4)
  6 ice dragons
  12 two-headed ogres
  6 alligators
  14 dancing weapons
  9 death scarabs (Spider:4)
  A catoblepas (Lair:3)
  An alligator (shapeshifter) (Vaults:5)
  A vampire mage (Depths:4)
  14 deep troll earth magi
  6 death yaks
  A titan zombie (Depths:3)
  6 tengu warriors
  3 spriggan berserkers
  5 hell knights (Vaults:5)
  An orc high priest (Orc:2)
  Sonja (Lair:2)
  14 deep troll shamans
  7 deep elf knights
  4 large abominations (Depths:4)
  2 sun demons (Zot:2)
  A fire crab (Swamp:4)
  2 sun moths
  14 pharaoh ants
  A shadow wraith (Vaults:5)
  4 sixfirhies
  6 goliath frogs
  9 iron trolls
  A cherub (D:10)
  A fire crab (shapeshifter) (Vaults:5)
  A flayed ghost (Depths:4)
  2 spriggan druids
  A shadow demon (D:15)
  44 deep trolls
  2 glowing orange brains
  8 swamp dragons
  13 orb spiders
  7 skeletal warriors (D:13)
  4 spriggan simulacra (IceCv)
  4 phantasmal warriors (Vaults:5)
  21 ironbound convokers
  An orange crystal statue (Depths:2)
  7 steelbarb worms
  11 wizards
  An obsidian statue (IceCv)
  6 bog bodies
  15 deep elf zephyrmancers
  7 necromancers
  A spectral jorogumo (Spider:4)
  Pikel (D:4)
  2 wolf spider zombies (Spider:4)
  2 spectral wolf spiders (Spider:4)
  20 deep elf pyromancers
  14 oklob plants
  16 lindwurms
  15 deep elf archers
  23 orc knights
  66 ugly things
  2 orc sorcerers
  4 salamanders (Depths:1)
  A broodmother zombie (Spider:4)
  A fire giant zombie (Depths:3)
  5 cyclopes
  A stone giant zombie (Vaults:5)
  20 wolf spiders
  A human zombie (Vaults:5)
  24 moths of wrath
  6 will-o-the-wisps
  2 guardian serpents (Desolation)
  7 manticores
  3 centaur zombies (D:15)
  6 elephants
  A smoke demon (Depths:2)
  17 vault sentinels
  6 black mambas
  A water nymph (shapeshifter) (Vaults:5)
  2 naga magi (D:15)
  A toenail golem (D:10)
  2 gargoyles
  5 torpor snails
  3 molten gargoyles
  12 cane toads
  5 komodo dragons
  3 orange demons
  5 unseen horrors
  3 rime drakes
  46 yaktaurs
  14 demonic crawlers
  2 redback zombies (Spider:4)
  7 kobold demonologists
  2 efreet
  2 rime drakes (shapeshifter)
  3 freezing wraiths (IceCv)
  6 spectral redbacks (Spider:4)
  A golden dragon simulacrum (IceCv)
  A hellwing (Depths:2)
  2 tormentors
  9 entropy weaver simulacra (IceCv)
  3 tengu conjurers
  2 merfolk (shapeshifter)
  A queen bee (Lair:1)
  3 meliai
  11 ice devils
  11 hornets
  2 trolls
  10 polar bears
  8 tyrant leeches
  A harpy skeleton (D:15)
  A raiju (shapeshifter) (D:13)
  49 saltlings (Desolation)
  3 spectral tarantellas (Spider:4)
  32 tarantellas
  A spectral jumping spider (Spider:4)
  A tarantella zombie (Spider:4)
  A hornet (shapeshifter) (Vaults:5)
  4 raiju (Lair:6)
  A jumping spider zombie (Spider:4)
  35 slime creatures
  17 blink frogs
  A culicivora zombie (Spider:4)
  A human simulacrum (Vaults:5)
  15 culicivoras
  19 jumping spiders
  Sigmund (D:4)
  5 water elementals
  A vampire (D:13)
  2 wyverns
  3 centaur simulacra
  4 air elementals
  4 wraiths
  3 dire elephant simulacra (IceCv)
  45 yaks
  A shadow (D:10)
  A ynoxinul (Depths:2)
  An ettin skeleton (Vaults:5)
  5 spriggans
  2 vampire mosquitoes (Swamp:1)
  A human (shapeshifter) (D:15)
  A fire elemental (Elf:2)
  A hog (shapeshifter) (D:14)
  2 chaos spawn
  8 steam dragons
  A yaktaur simulacrum (Vaults:5)
  3 basilisks
  6 minotaur simulacra (IceCv)
  48 redbacks
  13 wargs
  19 swamp worms
  A harpy simulacrum (IceCv)
  2 hydra simulacra (Zot:2)
  11 hell hounds (Lair:6)
  3 acid dragons
  16 water moccasins
  43 orc warriors
  2 floating eyes (shapeshifter) (Vaults:5)
  11 swamp drakes
  2 ice beasts
  A sky beast (D:6)
  An alligator simulacrum (IceCv)
  An ettin simulacrum (IceCv)
  9 ogres
  8 small abominations (Depths:4)
  14 centaurs
  12 black bears
  13 wolves (Lair:6)
  5 kobold brigands
  13 bullfrogs
  A necrophage (Swamp:1)
  2 earth elementals (Elf:1)
  6 deep troll simulacra (IceCv)
  2 scorpions (D:4)
  8 wights (D:8)
  19 killer bees (Lair:1)
  2 lindwurm simulacra (IceCv)
  6 electric eels
  4 crimson imps (D:5)
  15 orc priests
  A hound (D:7)
  3 jellies
  A gnoll shaman (D:10)
  6 iguanas
  22 orc wizards
  8 adders
  8 gnolls
  A shadow imp (D:7)
  A white imp (Spider:1)
  An ufetubus (D:7)
  2 worms (D:2)
  6 dart slugs
  82 orcs
  8 endoplasms
  2 giant cockroaches
  6 goblins
  4 hobgoblins
  A jackal (D:2)
  3 quokkas
  14 ball pythons
  3 bats (D:1)
  2 frilled lizards (D:2)
  23 kobolds
  4 rats
  A spectral orc (D:5)
  3 briar patches (Swamp:3)
  2 bushes (Zot:3)
  2 butterflies
  A fungus (Zot:3)
  4 plants
2224 creatures vanquished.

Vanquished Creatures (collateral kills)
  A centaur warrior (D:13)
  A skeletal warrior (D:13)
  A deep elf archer (D:13)
  3 elephants
6 creatures vanquished.

Vanquished Creatures (others)
  A centaur warrior (Vaults:2)
  A lindwurm (Swamp:4)
  A moth of wrath (Zot:5)
  A cane toad (Lair:3)
  A bloated husk (Swamp:2)
  A redback (Spider:4)
  3 swamp drakes (Swamp:4)
  An iguana (Lair:6)
  2 orc wizards
  3 briar patches (Swamp:3)
  10 foxfires
  26 fungi
  116 plants
167 creatures vanquished.

Grand Total: 2397 creatures vanquished

Notes
Turn   | Place    | Note
-------+----------+-------------------------------------------
     0 | D:1      | cojito the Minotaur Cinder Acolyte began the quest for the
                  | Orb.
     0 | D:1      | Reached XP level 1. HP: 19/19 MP: 1/1
    74 | D:1      | Reached XP level 2. HP: 22/27 MP: 2/2
   136 | D:1      | Reached skill level 1 in Armour
   188 | D:1      | Reached skill level 1 in Dodging
   572 | D:1      | Reached XP level 3. HP: 28/33 MP: 3/3
   614 | D:1      | Found a faded altar of an unknown god.
  1112 | D:2      | Reached XP level 4. HP: 40/40 MP: 4/4
  1327 | D:2      | You fall into a shaft and drop 2 floors!
  2277 | D:3      | Found a sacrificial altar of Ru.
  2281 | D:3      | Found a white marble altar of Elyvilon.
  2551 | D:4      | Noticed a scorpion
  2556 | D:4      | Killed a scorpion
  2557 | D:4      | Reached XP level 5. HP: 47/47 MP: 5/5
  2688 | D:4      | Reached skill level 5 in Fighting
  2688 | D:4      | Reached skill level 5 in Axes
  2714 | D:4      | Noticed Sigmund
  2729 | D:4      | Killed Sigmund
  2730 | D:4      | Reached XP level 6. HP: 44/56 MP: 6/6
  3079 | D:4      | Noticed Pikel
  3096 | D:4      | Killed Pikel
  3097 | D:4      | Reached skill level 5 in Armour
  3097 | D:4      | Reached XP level 7. HP: 62/64 MP: 7/7
  3658 | D:5      | Entered Level 5 of the Dungeon
  3666 | D:5      | Reached XP level 8. HP: 67/71 MP: 8/8
  3754 | D:5      | Reached skill level 5 in Dodging
  3754 | D:5      | Reached skill level 1 in Shields
  3974 | D:5      | Found a shimmering altar of Xom.
  4330 | D:5      | Found a snail-covered altar of Cheibriados.
  4354 | D:5      | Found a bloodstained altar of Trog.
  4405 | D:5      | Found a broken altar of Ashenzari.
  4830 | D:5      | Found a basalt altar of Yredelemnul.
  5549 | D:6      | Reached XP level 9. HP: 46/81 MP: 9/9
  6415 | D:7      | Found Ycisarphy's Specific Store.
  6418 | D:7      | Found Ytsotonu's General Store.
  6439 | D:7      | Bought a scroll of fear for 42 gold pieces
  6527 | D:7      | Found a staircase to the Ecumenical Temple.
  7047 | D:7      | Found Waneafyo's Weapon Shoppe.
  7192 | D:8      | Found Kiph's Jewellery Shop.
  7730 | D:8      | Found a hide-covered altar of Uskayaw.
  8442 | D:8      | Noticed Grum
  8904 | D:9      | Found Ropiu's Antique Armour Boutique.
  9077 | D:9      | Reached XP level 10. HP: 68/92 MP: 10/10
  9240 | D:9      | Reached skill level 5 in Shields
  9615 | D:9      | Reached skill level 10 in Axes
  9618 | D:9      | Reached skill level 10 in Fighting
  9932 | D:9      | Found a shimmering blue altar of Sif Muna.
 10004 | D:10     | Entered Level 10 of the Dungeon
 10336 | D:10     | Found a radiant altar of Vehumet.
 10390 | D:10     | Found Usteyst's Distillery.
 10393 | D:10     | Bought a potion of heal wounds for 60 gold pieces
 10393 | D:10     | Bought a potion of lignification for 36 gold pieces
 10878 | D:7      | Bought an amulet of regeneration for 360 gold pieces
 11260 | D:11     | Noticed a four-headed hydra
 11280 | D:11     | Killed a four-headed hydra
 11294 | D:11     | Noticed a red ugly thing
 11316 | D:10     | Killed a red ugly thing
 11404 | D:11     | Noticed an oklob plant
 11404 | D:11     | Noticed an oklob plant
 11411 | D:11     | Noticed a gargoyle
 11419 | D:11     | Reached XP level 11. HP: 99/102 MP: 11/11
 11487 | D:11     | Found a staircase to the Orcish Mines.
 11634 | D:11     | Noticed an oklob plant
 11636 | D:11     | Found a staircase to the Lair.
 11637 | D:11     | Noticed a boulder beetle
 11652 | D:11     | Killed a boulder beetle
 11922 | D:11     | Noticed a green ugly thing
 11943 | D:11     | Killed a green ugly thing
 12877 | D:11     | Killed an oklob plant
 12881 | D:11     | Killed an oklob plant
 12896 | D:11     | Killed an oklob plant
 13046 | D:12     | Noticed a white ugly thing
 13047 | D:12     | Found a one-way gate to the infinite horrors of the Abyss.
 13047 | D:12     | Identified the +6 dagger of Inquiry {distort, rF++}
 13054 | D:12     | Noticed a two-headed ogre
 13060 | D:12     | Killed a two-headed ogre
 13085 | D:12     | Found a large runed translucent door.
 13085 | D:12     | Found a large runed translucent door.
 13086 | D:12     | Found a corrupted altar of Lugonu.
 13086 | D:12     | Noticed a purple ugly thing
 13086 | D:12     | Noticed a purple ugly thing
 13086 | D:12     | Noticed a cyan ugly thing
 13097 | D:12     | Noticed a purple ugly thing
 13121 | D:12     | Killed a purple ugly thing
 14198 | D:13     | Found a portal to a secret trove of treasure.
 14440 | D:13     | Reached XP level 12. HP: 97/113 MP: 12/12
 14585 | D:13     | Noticed a centaur warrior
 14597 | D:13     | Killed a centaur warrior
 14598 | D:13     | Noticed a two-headed ogre
 14605 | D:13     | Killed a two-headed ogre
 14606 | D:13     | Noticed a rakshasa
 14609 | D:13     | Noticed an ogre mage
 14611 | D:13     | Noticed a centaur warrior
 14614 | D:13     | Noticed a seven-headed hydra
 14616 | D:13     | Noticed a centaur warrior
 14736 | D:13     | Noticed a centaur warrior
 14748 | D:13     | Killed a centaur warrior
 14874 | D:13     | Noticed a seven-headed hydra
 14930 | Lair:1   | Entered Level 1 of the Lair of Beasts
 14931 | Lair:1   | Noticed a five-headed hydra
 14940 | Lair:1   | Killed a five-headed hydra
 14941 | Lair:1   | Reached skill level 10 in Armour
 16180 | Lair:2   | Noticed Sonja
 16182 | Lair:2   | Paralysed by Sonja for 5 turns
 16187 | Lair:2   | Noticed a seven-headed hydra
 16188 | Lair:2   | Killed Sonja
 16196 | Lair:2   | HP: 5/118 [seven-headed hydra (2)]
 16378 | Lair:1   | Killed a seven-headed hydra
 16379 | Lair:1   | Reached XP level 13. HP: 31/125 MP: 13/13
 16481 | Lair:2   | You fall into a shaft and drop 1 floor!
 16891 | Lair:2   | Reached skill level 10 in Dodging
 17722 | Lair:3   | Reached skill level 15 in Axes
 17792 | Lair:3   | Reached skill level 15 in Fighting
 18465 | Lair:4   | Reached skill level 10 in Shields
 18500 | Lair:4   | Found a staircase to the Swamp.
 18730 | Lair:4   | Found a hole to the Spider Nest.
 19694 | Lair:5   | Noticed Snorg
 19705 | Lair:5   | Killed Snorg
 20433 | Lair:6   | Entered Level 6 of the Lair of Beasts
 20443 | Lair:6   | Found a viscous altar of Jiyva.
 20443 | Lair:6   | Found a staircase to the Slime Pits.
 20585 | Lair:6   | Reached skill level 1 in Maces & Flails
 20585 | Lair:6   | Reached XP level 14. HP: 78/136 MP: 14/14
 20689 | Lair:6   | Reached skill level 1 in Evocations
 21201 | Lair:6   | Got Ekkoaw's Almanac of Poisoning and Feathers
 22372 | Lair:6   | Identified the +6 hand axe "Ynefama" {flame, Str+4 Int+3
                  | Dex+3}
 22774 | D:12     | Identified the +1 chain mail "Anutilel" {rPois rF+ Will++
                  | Dex-5}
 23430 | D:13     | Noticed a green very ugly thing
 23443 | D:13     | Killed a green very ugly thing
 23666 | D:13     | Found a gate to the Vaults.
 23700 | D:13     | Reached XP level 15. HP: 36/145 MP: 15/15
 24862 | Orc:1    | Entered Level 1 of the Orcish Mines
 24970 | Orc:1    | Noticed Joghedwa's ghost (journeyman DsGl)
 24974 | Orc:1    | Found a runed translucent door.
 25075 | Orc:1    | Reached skill level 1 in Stealth
 25179 | D:9      | Bought the -2 hat of the Alchemist {rElec rPois rF+ rC+ rN+
                  | Will+ rMut rCorr} for 1132 gold pieces
 25179 | D:9      | Found the -2 hat of the Alchemist {rElec rPois rF+ rC+ rN+
                  | Will+ rMut rCorr}
 25467 | Orc:1    | Killed Joghedwa's ghost
 25508 | Orc:2    | Entered Level 2 of the Orcish Mines
 25682 | Orc:2    | Reached skill level 5 in Evocations
 25707 | Orc:2    | Found Kokhui's Antique Weapon Emporium.
 25707 | Orc:2    | Found Woolimu's Magic Scroll Shop.
 26171 | Orc:2    | Found a staircase to the Elven Halls.
 26342 | Orc:2    | Found Zesamm's Distillery.
 26402 | Orc:2    | Found Ykiaf's Jewellery Shop.
 26719 | Orc:2    | Bought a potion of heal wounds for 70 gold pieces
 26719 | Orc:2    | Bought a potion of might for 56 gold pieces
 26719 | Orc:2    | Bought 2 potions of berserk rage for 140 gold pieces
 26719 | Orc:2    | Bought a potion of heal wounds for 70 gold pieces
 26719 | Orc:2    | Bought a potion of curing for 42 gold pieces
 26719 | Orc:2    | Bought a potion of curing for 42 gold pieces
 26719 | Orc:2    | Bought a potion of might for 56 gold pieces
 26759 | Orc:2    | Bought a scroll of fog for 32 gold pieces
 26759 | Orc:2    | Bought a scroll of fear for 56 gold pieces
 26759 | Orc:2    | Bought a scroll of teleportation for 48 gold pieces
 26759 | Orc:2    | Bought a scroll of teleportation for 48 gold pieces
 28057 | D:15     | Entered Level 15 of the Dungeon
 28212 | D:15     | Reached skill level 5 in Stealth
 28239 | D:15     | Reached XP level 16. HP: 155/155 MP: 16/16
 28645 | D:15     | Found a staircase to the Depths.
 28989 | Spider:1 | Entered Level 1 of the Spider Nest
 29220 | Spider:1 | Reached skill level 1 in Throwing
 30910 | Spider:2 | Paralysed by a jorogumo for 3 turns
 31731 | Spider:2 | Found the +7 captain's cutlass {speed, disarm}
 32501 | Spider:3 | Noticed Bai Suzhen
 32529 | Spider:2 | Reached skill level 15 in Armour
 32635 | Spider:2 | Killed Bai Suzhen
 32967 | Spider:3 | Reached XP level 17. HP: 155/165 MP: 17/17
 33052 | Spider:3 | Identified Roxanne's Almanac of Shape Shifting
 33052 | Spider:3 | Noticed Roxanne
 33494 | Spider:3 | Killed Roxanne
 33510 | Spider:4 | Entered Level 4 of the Spider Nest
 33525 | Spider:3 | Identified the +9 morningstar "Coggothro" {venom, rElec
                  | rF+++}
 33705 | Spider:4 | Reached skill level 5 in Throwing
 34903 | Spider:4 | Reached skill level 15 in Shields
 35092 | Spider:4 | Got a gossamer rune of Zot
 35309 | Swamp:1  | Entered Level 1 of the Swamp
 35827 | Swamp:1  | Reached XP level 18. HP: 176/176 MP: 11/18
 36089 | Swamp:2  | Noticed Nikola
 36102 | Swamp:2  | Killed Nikola
 36103 | Swamp:2  | Reached skill level 15 in Dodging
 36379 | Swamp:2  | Identified the ring of Aroitefu {rElec rC+ Str+4 Dex+6
                  | Slay+3}
 37961 | Swamp:4  | Entered Level 4 of the Swamp
 38838 | Swamp:4  | Got a decaying rune of Zot
 39121 | Vaults:1 | Entered Level 1 of the Vaults
 40203 | Vaults:1 | Reached XP level 19. HP: 167/184 MP: 0/19
 41154 | Vaults:2 | Found Sooraj's Book Shoppe.
 41878 | Vaults:2 | Found Zitet's General Store.
 41886 | Vaults:2 | Bought a scroll of enchant weapon for 150 gold pieces
 41887 | Vaults:2 | Bought a scroll of fog for 40 gold pieces
 41887 | Vaults:2 | Bought a wand of paralysis (3) for 100 gold pieces
 41887 | Vaults:2 | Bought a wand of iceblast (3) for 140 gold pieces
 41940 | Vaults:2 | Identified a scroll of acquirement
 42002 | Vaults:2 | Found a staircase to the Crypt.
 42002 | Vaults:2 | Found an ancient bone altar of Kikubaaqudgha.
 42002 | Vaults:2 | Found a basalt altar of Yredelemnul.
 42977 | Vaults:2 | Found Cuhufeh's Antique Armour Boutique.
 43008 | Vaults:2 | Identified the +5 cloak of Cuizafan {rPois rF+ rC+++ MP-9}
 43051 | Vaults:2 | Bought a pair of fading boots for 408 gold pieces
 43051 | Vaults:2 | Identified the +0 pair of boots of Objectivity {Rampage
                  | rCorr Slay-3} (You bought it in a shop on level 2 of the
                  | Vaults)
 43069 | Vaults:2 | Found Cuclyibi's General Store.
 43072 | Vaults:2 | Bought a scroll of acquirement for 936 gold pieces
 43072 | Vaults:2 | Bought a scroll of teleportation for 54 gold pieces
 43072 | Vaults:2 | Bought a potion of lignification for 54 gold pieces
 43072 | Vaults:2 | Bought a potion of invisibility for 144 gold pieces
 43081 | Vaults:2 | Acquired 721 gold pieces
 43085 | Vaults:2 | Acquired a manual of Throwing
 43218 | Vaults:3 | Noticed Boris
 43331 | Vaults:2 | Killed Boris
 43980 | Vaults:3 | Reached skill level 10 in Throwing
 44074 | Vaults:3 | Noticed Mara
 44084 | Vaults:3 | Killed Mara
 44868 | Vaults:3 | Reached XP level 20. HP: 152/195 MP: 1/20
 45545 | Vaults:2 | Bought a pair of runed gloves for 322 gold pieces
 46531 | Vaults:4 | Noticed an ancient lich
 46543 | Vaults:4 | Killed an ancient lich
 47083 | Vaults:5 | Entered Level 5 of the Vaults
 47288 | Vaults:5 | Identified the amulet of the Final Decision {Spirit Will++
                  | rCorr Stlth+}
 47301 | Vaults:5 | Noticed a dread lich
 47330 | Vaults:5 | Identified the ring of Jablarea {rC+ Str+5 Int+3 SInv}
 47340 | Vaults:5 | Noticed Jory
 47342 | Vaults:5 | Noticed a golden dragon
 47552 | Vaults:5 | Noticed a dread lich
 47868 | Vaults:5 | Reached XP level 21. HP: 142/204 MP: 3/21
 48058 | Vaults:5 | Killed a dread lich
 48322 | Vaults:5 | Got a silver rune of Zot
 48407 | Vaults:5 | Found the +0 mask of the Dragon {Will+ Slay+3 SInv}
 48795 | Vaults:5 | Identified the ring of Raet {rF+ rC+ rN+}
 49188 | Vaults:5 | Acquired the +8 mithril axe "Arga" {speed, Will+}
 49188 | Vaults:5 | Found the +8 mithril axe "Arga" {speed, Will+}
 49197 | Vaults:5 | Acquired 978 gold pieces
 49199 | Vaults:5 | Acquired a manual of Fighting
 49250 | Vaults:5 | Identified the +7 morningstar of Ytubb {venom, rCorr Str+4
                  | Int-2 SInv}
 49832 | Vaults:5 | Killed a golden dragon
 49943 | Vaults:5 | Killed Jory
 49980 | Vaults:5 | Noticed a golden dragon
 50007 | Vaults:5 | Killed a golden dragon
 50007 | Vaults:5 | Identified the +7 mace "Ubotic" {flame, *Noise rC+ Str+8}
 50021 | Vaults:5 | Killed a dread lich
 50030 | Vaults:5 | Noticed Margery
 50171 | Vaults:5 | Killed Margery
 50969 | Depths:1 | Entered Level 1 of the Depths
 50982 | Depths:1 | Found an iron altar of Okawaru.
 51100 | Depths:1 | Identified the +10 quarterstaff of Naroch {vamp, rPois rC-
                  | rN+ Will+}
 51445 | Depths:1 | Reached XP level 22. HP: 220/220 MP: 9/22
 52547 | Depths:1 | Found a gateway to Hell.
 52631 | Depths:1 | Found a one-way gate leading to the halls of Pandemonium.
 52767 | Depths:1 | Identified the +2 cloak "Ehaloqu" {Dex+3 Slay+3}
 53423 | Depths:2 | Identified the +7 quarterstaff "Inlacrosk" {vamp, rElec
                  | Str+3 Int+4}
 53877 | Depths:2 | Found Zamopnex's General Store.
 53879 | Depths:2 | Found Tahuerocw's Magic Scroll Shop.
 53881 | Depths:2 | Found Xuecyala's Magic Scroll Boutique.
 53885 | Depths:2 | Bought 2 potions of curing for 66 gold pieces
 53885 | Depths:2 | Bought a potion of heal wounds for 55 gold pieces
 53885 | Depths:2 | Bought a throwing net for 33 gold pieces
 53885 | Depths:2 | Bought a wand of digging (8) for 264 gold pieces
 53894 | Depths:2 | Bought a scroll of teleportation for 72 gold pieces
 53894 | Depths:2 | Bought a scroll of brand weapon for 480 gold pieces
 53897 | Depths:2 | Bought a scroll of magic mapping for 38 gold pieces
 53897 | Depths:2 | Bought a scroll of magic mapping for 38 gold pieces
 53897 | Depths:2 | Bought a scroll of teleportation for 33 gold pieces
 53897 | Depths:2 | Bought a scroll of summoning for 104 gold pieces
 53897 | Depths:2 | Bought a scroll of blinking for 82 gold pieces
 53897 | Depths:2 | Bought a scroll of fog for 22 gold pieces
 53897 | Depths:2 | Bought a scroll of brand weapon for 220 gold pieces
 54157 | Depths:2 | Found a shimmering blue altar of Sif Muna.
 54677 | Depths:2 | Found a shimmering blue altar of Sif Muna.
 55034 | Depths:3 | Found Suz Dig's Weapon Shoppe.
 55193 | Depths:3 | Bought a throwing net for 42 gold pieces
 55457 | Depths:3 | Reached skill level 10 in Stealth
 55487 | Depths:3 | Identified the +0 scale mail of the Jocular Wumpus {Stlth+}
 55578 | Depths:3 | Found a shadowy altar of Dithmenos.
 56754 | Depths:4 | Entered Level 4 of the Depths
 56792 | Depths:4 | Found a one-way gateway to a ziggurat.
 56980 | Depths:4 | Noticed Vv
 57001 | Depths:4 | Killed Vv
 57341 | Depths:4 | Reached XP level 23. HP: 234/234 MP: 12/23
 57446 | Depths:4 | Noticed Xtahua
 57458 | Depths:4 | Killed Xtahua
 58293 | Depths:4 | Found a runed translucent door.
 58305 | Depths:4 | Found a runed translucent door.
 58305 | Depths:4 | Found a runed translucent door.
 58636 | Depths:4 | Found a runed translucent door.
 58636 | Depths:4 | Found a runed translucent door.
 58847 | Depths:4 | Found a runed translucent door.
 59242 | Depths:4 | Found a gate to the Realm of Zot.
 59757 | Elf:1    | Entered Level 1 of the Elven Halls
 59803 | Elf:1    | Found a crumbling gateway.
 59847 | Desolati | Entered the Desolation of Salt
 60160 | Desolati | Identified the ring of the Trout {Wiz Will+ Int+3 Stlth-}
 60308 | Desolati | Got the Collected Works on Lightness and the Rocks
 60313 | Desolati | Got Eringya's Catalogue of Shifting Contamination
 60586 | Desolati | Identified the +7 shortbow "Veloleor" {flame, +Blink rPois
                  | rF+ Will-}
 60588 | Desolati | Identified the +1 robe "Enot" {Harm rN++}
 60754 | Desolati | Identified the ring of Xom's Full Attention {rF+ Int+3}
 60759 | Desolati | Got the Incunabulum of Subjectivity
 60773 | Desolati | Got the Grimoire of the Cloudy Snowflakes
 60776 | Desolati | Identified the +7 whip of Quantum Leap {vorpal, *Rage Int+3
                  | SInv}
 60789 | Desolati | Got the Handbook of Dusty Transmutation
 61127 | Elf:1    | Identified the ring "Foigopon" {+Blink rPois rC+ Dex-5}
 61898 | Elf:2    | Found a runed translucent gate.
 61899 | Elf:2    | Found a runed translucent gate.
 61899 | Elf:2    | Found a runed translucent gate.
 62329 | Elf:2    | Paralysed by an air elemental for 1 turns
 62521 | Elf:3    | Entered Level 3 of the Elven Halls
 62550 | Elf:3    | Found a flickering gateway to a bazaar.
 62560 | Bazaar   | Entered a bazaar
 62562 | Bazaar   | Found Biuphi's Jewellery Boutique.
 62566 | Bazaar   | Found Bougakun's Antique Armour Boutique.
 62566 | Bazaar   | Found Xosul's Antique Armour Boutique.
 62567 | Bazaar   | Found Nudd's Weapon Boutique.
 62577 | Bazaar   | Bought a pair of embroidered gloves for 157 gold pieces
 62617 | Elf:3    | Found a frozen archway.
 62640 | IceCv    | Entered an ice cave
 63334 | Elf:3    | Reached XP level 24. HP: 247/247 MP: 14/23
 63683 | Elf:3    | Paralysed by an air elemental for 1 turns
 63687 | Elf:3    | Paralysed by an air elemental for 1 turns
 63746 | Elf:3    | Found the +2 cloak of the Thief {*Fog Slay-2 SInv Stlth+}
 63942 | Elf:3    | Found Ahuiz's Book Shop.
 63949 | Elf:3    | Found Wyupexiw's Antique Weapon Boutique.
 64663 | Zot:1    | Entered Level 1 of the Realm of Zot
 65340 | Zot:1    | Reached skill level 27 in Fighting
 65817 | Zot:2    | Noticed a shard shrike
 65850 | Zot:1    | Killed a shard shrike
 66705 | Zot:2    | You fall into a shaft and drop 1 floor!
 66771 | Zot:3    | Reached skill level 5 in Fire Magic
 66948 | Zot:3    | Reached XP level 25. HP: 223/257 MP: 14/23
 68854 | Zot:5    | Entered Level 5 of the Realm of Zot
 69037 | Zot:5    | Noticed an orb of fire
 69047 | Zot:5    | Killed an orb of fire
 69154 | Zot:5    | Acquired 762 gold pieces
 69492 | Zot:5    | Noticed a dread lich
 69511 | Zot:5    | Killed a dread lich
 69538 | Zot:5    | Noticed an orb of fire
 69539 | Zot:5    | Noticed a Killer Klown
 69542 | Zot:5    | Noticed an orb of fire
 69543 | Zot:5    | Gained mutation: You have hidden genetic defects. [an orb
                  | of fire]
 69546 | Zot:5    | Noticed an orb of fire
 69557 | Zot:5    | Killed an orb of fire
 69671 | Zot:5    | Noticed an orb of fire
 69673 | Zot:5    | Killed an orb of fire
 69821 | Zot:5    | Noticed an orb of fire
 69828 | Zot:5    | Gained mutation: Armour fits poorly on your strangely
                  | shaped body. [an orb of fire]
 69829 | Zot:5    | Killed an orb of fire
 69848 | Zot:5    | Killed an orb of fire
 69860 | Zot:5    | Killed an orb of fire
 69947 | Zot:5    | Reached skill level 27 in Armour
 69964 | Zot:5    | Reached XP level 26. HP: 266/266 MP: 14/23
 70172 | Zot:5    | Got the Orb of Zot
 70424 | Depths:1 | Noticed Vanimmetell the pandemonium lord
 70424 | Depths:1 | Noticed an ancient lich
 70743 | D:9      | Noticed Moikaihe the pandemonium lord
 70755 | D:9      | Killed Moikaihe the pandemonium lord
 70853 | D:6      | Noticed Cirim the pandemonium lord
 71005 | D:1      | Noticed an ancient lich
 71007 | D:1      | Noticed Mupac the pandemonium lord
 71012 | D:$      | Escaped with the Orb!

Illustrated notes

Levels and vault maps discovered:
D:1:      roderic_crop_circles_arrival_large, layout_rooms,
          basic_ecumenical_altar
D:2:      layout_basic, st_stairs_1, glass_columns_c, minmay_quadrilaterals
D:3:      layout_loops_ring, minitemple, corexii_corridor_pit
D:4:      layout_gridville, uniq_sigmund, uniq_pikel
D:5:      layout_loops_ring, cheibriados_altar_1, led_xom_imps,
          yredelemnul_forgotten_temple_becter, cheibrodos_ashenzari_chains,
          trog_antimagical
D:6:      layout_basic
D:7:      layout_gridville, minmay_temple_entry_slanted, serial_shops,
          nicolae_shop_statue_plus, nicolae_specific_store,
          minmay_misc_feat_columns
D:8:      layout_basic, nicolae_overflow_hidden_temple,
          minmay_shop_enchanted_jewellery, minmay_tree_intersection, uniq_grum
D:9:      nicolae_cairo_tiling_large, layout_gridville,
          mainiacjoe_overflow_alcove_4, serial_shops,
          nicolae_shop_window_shopping
D:10:     layout_roguey, mainiacjoe_overflow_surrounded_room, serial_shops,
          kennysheep_mini_moat
D:11:     layout_rooms, dpeg_oklobed_lair, nzn_sisyphean_effort
D:12:     due_chaos_kobolds, layout_stronghold
D:13:     minmay_the_grid_octo_tiled_octocenter
          [minmay_the_grid_octo_concentric, minmay_the_grid_octo_toaster,
          minmay_the_grid_octo_fan_narrow, minmay_the_grid_octo_77,
          minmay_the_grid_octo_prize_star, minmay_the_grid_square_5x5_trominoes,
          minmay_the_grid_square_5x5_eight, minmay_the_grid_square_5x5_minibox,
          minmay_the_grid_square_5x5_two], layout_irregular_city, erik_vaults_2,
          enter_trove_0
D:14:     layout_stronghold, kennysheep_cross_room
D:15:     grunt_enter_depths_magical_seal, layout_basic,
          hangedman_abyss_or_decor_passed
Lair:1:   layout_loops_ring, special_room [special_room_bee],
          infiniplex_staircase_pool_2, grunt_megastairs_2
Lair:2:   layout_long_grid, lemuel_fruit_fields, lemuel_fruit_fields, uniq_sonja
Lair:3:   layout_gridlike, st_stairs_11, infiniplex_staircase_pool,
          serial_bayou_shore_b, grunt_megastairs_3
Lair:4:   layout_big_grid, nicolae_swamp_entry_splash_gauntlet,
          nicolae_spider_entry_orb_guardian, beast_lair_carwin_4,
          serial_bayou_shore_a
Lair:5:   layout_layer_cave, st_stairs_7, lemuel_fruit_fields, uniq_snorg
Lair:6:   guppyfry_lair_end_dragon, layout_gridlike,
          hangedman_lair_caniforms_friends, slime_altar_1
Swamp:1:  layout_basic_swamp, evilmike_swamp_ruin_house_2
Swamp:2:  nicolae_swamp_wrong_neighborhood, layout_basic_swamp,
          evilmike_swamp_ruin_house_1, swamp_pool2, nicolae_swamp_fairy_circle,
          kb_tengu_band, uniq_nikola
Swamp:3:  layout_falls_marsh, hangedman_swamp_ruin_hall
Swamp:4:  swamp_fiery, layout_basic_swamp
Spider:1: layout_chambers, nicolae_crawler_farm
Spider:2: layout_spider_delve
Spider:3: layout_spider_delve, hangedman_spider_tarantella_strand,
          uniq_bai_suzhen, uniq_roxanne
Spider:4: floodkiller_spider_rune_tomb
Orc:1:    layout_caves, basic_altar, hellmonk_ghost_happy_afterlife,
          nicolae_orc_sculptors_studio, minmay_orc_keep, uniq_maurice
Orc:2:    st_orc_town, layout_diamond_mine, nicolae_orc_crystal_geode
Elf:1:    minmay_elf_arrival_plus, layout_loops_corners,
          portal_desolation_entry_ruin, hangedman_corner_corridor
Elf:2:    nicolae_elf_blades_crystal_corner, layout_onion_city
Elf:3:    minmay_elf_hall_quartered_circle, layout_geoelf_grid, serial_shops,
          bzr_entry_water, portal_ice_cave_entry_ugly_swarm, eino_tiny_chamber,
          minmay_shoptagon
Vaults:1: ontoclasm_vaults_ring_small, ontoclasm_vaults_spin,
          ontoclasm_vaults_loading_screen, v_misc_14, vaults_room_corners,
          ontoclasm_vaults_eye, vaults_mumra_hexcomb,
          vaults_mumra_minichess_inversion, nicolae_vaults_circle_grid_a,
          v_alt_pattern_2, layout_vaults_omnigrid
Vaults:2: minmay_crypt_entry_necro_gods, vaults_dpeg_doors, v_misc_28,
          ontoclasm_vaults_decontamination, ontoclasm_vaults_tryst, v_misc_30,
          nicolae_vaults_ring_of_whatevers, ontoclasm_vaults_gateway,
          layout_vaults_chaotic_city, serial_shops, nicolae_shop_behind_doors,
          shop, shop, nicolae_square_shop
Vaults:3: v_misc_19, nicolae_vaults_circle_grid_a, hangedman_vaults_stagger,
          nicolae_vaults_network_square, hangedman_vaults_restitches,
          vaults_dpeg_hooks, vaults_mumra_chevron_long, v_misc_14,
          ontoclasm_vaults_chip, nicolae_vaults_border_crossing,
          dpeg_vaults_monster_box, nicolae_vaults_shelves_hall,
          layout_vaults_ring, uniq_mara, uniq_boris
Vaults:4: nicolae_vaults_triangles, v_misc_26, nicolae_vaults_fighting_squares,
          v_misc_29, v_misc_29, nicolae_vaults_yaktaur_gun_rack,
          nicolae_vaults_circle_grid_b, v_alt_pattern_2,
          ontoclasm_vaults_ring_large, nicolae_vaults_angled_halls,
          vaults_room_pool, layout_vaults_omnibox
Vaults:5: serial_shops, uniq_jory, uniq_margery
Depths:1: evilmike_iron_armoury, layout_basic, pan_entry,
          hangedman_coc_ice_floe, amcnicky_mini_rare_corridor_liquid,
          minmay_misc_feat_rows, kennysheep_generic_room_3
Depths:2: minmay_crystal_thing, layout_basic, led_sif_pool, hell_entry,
          rand_demon_pan_entry_1, corner_web_ring, minmay_shop_star
Depths:3: nooodl_glass_maze, layout_gridlike, minmay_misc_feat_doors,
          serial_shops, nicolae_shop_stone, abyss_entry,
          pf_hell_entry_tar_spiral, nicolae_dithmenos_through_a_glass_darkly,
          minmay_staircase_windowed_large
Depths:4: evilmike_zot_entry_castle, layout_gridlike, enter_ziggurat_c,
          minmay_room_of_horrors, hell_entry, chequers_big_river, uniq_vv,
          uniq_xtahua
Zot:1:    layout_misc_corridors, grunt_ministairs_10
Zot:2:    layout_cellular_growth, st_stairs_1, grunt_ministairs_8,
          hangedman_elemental_grid_stream, grunt_megastairs_1
Zot:3:    grunt_zot_stairs_overgrown, layout_twisted_circle, bh_zot_ikea_curve,
          evilmike_ambush [evilmike_ambush_outer_doors,
          evilmike_ambush_inner_pond]
Zot:4:    layout_misc_corridors
Zot:5:    layout_onion, grunt_ministairs_15

Skill      XL: |  1  2  3  4  5  6  7  8  9 10 11 12 13 14 15 16 17 18 19 20 21 22 23 24 25 26 |
---------------+-------------------------------------------------------------------------------+-----
Armour         | 1 2 3 5 6 7 8 9 10 11 12 14 15 16 17 18 19 20 21 24 27 | 27.0
Dodging        | 1 2 3 4 5 6 7 8 9 10 11 12 14 15 16 17 18 19 20 21 22 | 22.1
Axes           | 4 5 6 8 9 11 12 14 15 16 17 18 19 20 21 22 23 24 25 | 25.6
Fighting       | 4 5 6 8 9 11 12 14 15 16 17 18 19 20 21 23 25 26 27 | 27.0
Shields        | 3 4 6 7 9 10 11 13 14 15 16 17 18 19 20 21 22 23 | 23.3
Maces & Flails | 1 |  1.1
Evocations     | 4 5 |  5.0
Stealth        | 5 6 11 | 11.0
Throwing       | 4 6 8 10 13 | 13.0
Fire Magic     | 5 6 |  6.2
Spellcasting   | |  1.0

Action                   |  1- 3 |  4- 6 |  7- 9 | 10-12 | 13-15 | 16-18 | 19-21 | 22-24 | 25-27 || total
-------------------------+-------+-------+-------+-------+-------+-------+-------+-------+-------++-------
Melee: Hand axe          |    73 |    92 |   378 |   139 |   766 |   275 |       |       |       ||  1723
       Headbutt          |     5 |    13 |    55 |   131 |   329 |   333 |   373 |   532 |   223 ||  1994
       War axe           |       |       |       |   437 |   652 |       |       |       |       ||  1089
       Flail             |       |       |       |    21 |    15 |       |       |       |       ||    36
       Broad axe         |       |       |       |       |       |  1124 |  1191 |  1712 |   625 ||  4652
 Fire: Longbow           |       |       |       |    75 |       |       |       |       |       ||    75
Throw: Boomerang         |       |       |       |    16 |     5 |    44 |       |       |       ||    65
       Throwing net      |       |       |       |     1 |       |       |       |       |     2 ||     3
       Javelin           |       |       |       |       |       |       |       |    12 |    18 ||    30
Invok: Fiery Armour      |     1 |     1 |     3 |     5 |     1 |       |       |       |       ||    11
       Rising Flame      |       |       |       |       |       |       |       |       |     1 ||     1
Evoke: Wand              |       |    12 |     5 |    48 |    17 |    26 |       |     2 |     1 ||   111
       Phial of floods   |       |       |       |     1 |     1 |       |       |       |       ||     2
       Tin of tremorston |       |       |       |       |       |     4 |       |     1 |       ||     5
       Box of beasts     |       |       |       |       |       |       |     1 |       |       ||     1
       Condenser vane    |       |       |       |       |       |       |       |     1 |       ||     1
  Use: Scroll            |       |     6 |    10 |    10 |    15 |    23 |    18 |    13 |    10 ||   105
       Potion            |       |     1 |     3 |     5 |     7 |     4 |     6 |     3 |     5 ||    34
 Stab: Invisible         |       |       |     2 |       |       |       |       |       |       ||     2
       Paralysed         |       |       |       |    19 |       |       |       |       |       ||    19
       Distracted        |       |       |       |       |     1 |     1 |     1 |    11 |     5 ||    19
       Sleeping          |       |       |       |       |       |       |       |    49 |     6 ||    55
       Confused          |       |       |       |       |       |       |       |     2 |       ||     2
Armor: Robe              |     4 |       |       |       |       |       |       |       |       ||     4
       Scale mail        |    23 |    36 |    85 |       |       |       |       |       |       ||   144
       Plate armour      |       |       |   100 |   369 |   431 |   347 |       |       |       ||  1247
       Skin              |       |       |       |    20 |       |       |       |       |       ||    20
       Chain mail        |       |       |       |       |   173 |       |       |       |       ||   173
       Storm dragon scal |       |       |       |       |       |   457 |   399 |       |       ||   856
       Shadow dragon sca |       |       |       |       |       |       |    21 |   464 |   173 ||   658
Dodge: Dodged            |    26 |    40 |   135 |   225 |   454 |   527 |   336 |   446 |   186 ||  2375
Block: Buckler           |       |       |    47 |   119 |   212 |       |       |       |       ||   378
       Kite shield       |       |       |       |       |   235 |   701 |   293 |       |       ||  1229
       Tower shield      |       |       |       |       |       |       |   473 |   934 |   375 ||  1782

Table legend: (Time is in decaauts)
 A = Elapsed time spent in this place.
 B = Non-inter-level travel time spent in this place.
 C = Inter-level travel time spent in this place.
 D = Time resting spent in this place.
 E = Time spent auto-exploring this place.
 F = Levels seen in this place.
 G = Mean time per level.
                   A        B        C        D        E       F      G
               +--------+--------+--------+--------+--------+-----+--------+
         Total |  69451 |  64721 |   4730 |  12842 |  35916 |  51 | 1361.8 |
       Dungeon |  20351 |  18291 |   2060 |   4842 |   9329 |  15 | 1356.7 |
          Lair |   7700 |   7133 |    567 |   1346 |   4019 |   6 | 1283.3 |
         Swamp |   3778 |   3624 |    154 |    510 |   2358 |   4 |  944.5 |
   Spider Nest |   6176 |   5891 |    285 |   1575 |   2383 |   4 | 1544.0 |
  Orcish Mines |   1801 |   1593 |    208 |     90 |   1025 |   2 |  900.5 |
   Elven Halls |   2789 |   2658 |    131 |    100 |   1830 |   3 |  929.7 |
        Vaults |  11461 |  10895 |    566 |   2055 |   6428 |   5 | 2292.2 |
        Depths |   8621 |   8048 |    573 |    803 |   5698 |   4 | 2155.2 |
           Zot |   5177 |   4993 |    184 |   1221 |   2202 |   5 | 1035.4 |
        Bazaar |     34 |     34 |      0 |      0 |     22 |   1 |   34.0 |
      Ice Cave |    617 |    617 |      0 |     13 |    355 |   1 |  617.0 |
    Desolation |    940 |    940 |      0 |    286 |    265 |   1 |  940.0 |
               +--------+--------+--------+--------+--------+-----+--------+

Top non-repeatable levels by time:
Vaults:5: 3076 daAuts
Depths:4: 2797 daAuts
    D:13: 2460 daAuts
Vaults:2: 2280 daAuts
Vaults:3: 2234 daAuts
Depths:1: 2209 daAuts
    D:12: 2136 daAuts
Vaults:1: 2009 daAuts
  Lair:6: 1975 daAuts
Depths:2: 1921 daAuts
Vaults:4: 1860 daAuts
Spider:1: 1857 daAuts
    D:11: 1798 daAuts
     D:8: 1784 daAuts
Spider:2: 1695 daAuts
